 Dungeon Crawl Stone Soup version 0.24.1-14-gf8d2b509d9 (webtiles) character file.

Game seed: 12758059386327877202, levelgen mode: deterministic

113 lepoulpe303 the Digger (level 4, 0/24 HPs)
             Began as a Gargoyle Earth Elementalist on May 28, 2020.
             Slain by Crazy Yiuf
             ... wielding a +4 quarterstaff of chaos
              (2 damage)
             ... on level 2 of the Dungeon.
             The game lasted 00:05:21 (2701 turns).

lepoulpe303 the Digger (GrEE)                       Turns: 2701, Time: 00:05:21

Health: 0/24       AC:  6    Str: 11    XL:     4   Next: 96%
Magic:  5/8        EV: 11    Int: 17    God:
Gold:   103        SH:  0    Dex: 10    Spells: 3/9 levels left

rFire    . . .     SeeInvis .   h - +0 mace
rCold    . . .     Gourm    .   (no shield)
rNeg     + . .     Faith    .   s - +0 leather armour
rPois    ∞         Spirit   .   (no helmet)
rElec    +         Reflect  .   (no cloak)
rCorr    .         Harm     .   (no gloves)
MR       .....                  (no boots)
Stlth    ++........             (no amulet)
HPRegen  0.08/turn              (no ring)
MPRegen  0.11/turn              (no ring)

@: berserk cooldown, very slightly contaminated, slowed, invisible, very slow
A: negative energy resistance 1, electricity resistance, unbreathing,
petrification resistance, rot immunity, AC +3
a: no special abilities


You were on level 2 of the Dungeon.
You were hungry.

You visited 1 branch of the dungeon, and saw 2 of its levels.

You collected 103 gold pieces.

Inventory:

Hand Weapons
 b - a +0 short sword
 h - a +0 mace (weapon)
Missiles
 Q - 41 stones (quivered)
Armour
 c - a +0 robe
 s - a +0 leather armour (worn)
Jewellery
 q - an uncursed amulet of magic regeneration {unknown}
Scrolls
 f - a scroll of teleportation {unknown}
 g - 3 scrolls of identify {unknown}
 k - a scroll of fog {unknown}
 l - a scroll of enchant armour {unknown}
 o - a scroll of fear {unknown}
 r - a scroll of magic mapping {unknown}
Potions
 a - a potion of might {unknown}
 d - a potion of lignification {unknown}
 i - 3 potions of curing {unknown}
 j - a potion of heal wounds {unknown}
 m - a potion of haste {unknown}
 n - a potion of magic {unknown}
 p - a potion of brilliance {unknown}
Comestibles
 e - 6 rations


   Skills:
 + Level 0.1 Armour
 + Level 2.1 Dodging
 + Level 3.0 Stealth
 * Level 3.0 Spellcasting
 - Level 0.7 Transmutations
 * Level 4.8 Earth Magic


You had 3 spell levels left.
You knew the following spells:

 Your Spells              Type           Power        Failure   Level  Hunger
a - Sandblast             Erth           ###...       3%          1    None
w - Passwall              Tmut/Erth      ##......     11%         2    ##.....
x - Stone Arrow           Conj/Erth      ##....       26%         3    ###....

Your spell library contained the following spells:

 Spells                   Type           Power        Failure   Level  Hunger
 Petrify                  Tmut/Erth      ##......     58%         4    ####...
 Lee's Rapid Deconstruct  Erth           ###.......   65%         5    ######.


Dungeon Overview and Level Annotations

Branches:
Dungeon (2/15)

Altars:
Uskayaw

Annotations:
D:2 Crazy Yiuf


Innate Abilities, Weirdness & Mutations

You are resistant to torment.
Your stone body is resilient. (AC +3)
You are immune to poison.
You resist negative energy. (rN+)
You are resistant to electric shocks. (rElec)
You can survive without breathing.
You are immune to petrification.
You are immune to rotting.


Message History

Crazy Yiuf says, "Action!"
You feel your anger nearly subside.
You are no longer berserk.
You are exhausted.
You feel yourself slow down.
You now have 6/24 hp.
Crazy Yiuf laughs, "Key aubergine poople!"
Crazy Yiuf glowers.
Crazy Yiuf cries, "Goldfish toodlewoodle ena!"
Crazy Yiuf laughs, "Line water tea!"
Crazy Yiuf hits you but does no damage.
Crazy Yiuf says, "Orb!
Tosser wrapper eyeball."
Crazy Yiuf hits you with a +4 quarterstaff of chaos.
* * * LOW HITPOINT WARNING * * *
You fade into invisibility!
You are very lightly contaminated with residual magic.
You take 5 damage, and have 2/24 hp.
MASSIVE DAMAGE!!
Crazy Yiuf hits you with a +4 quarterstaff of chaos.
You die...

#...'.♣♣♣♣..........#
#)..#♣♣ ♣♣.........##
### ♣♣##.......#
#.#####.# #.# #.##
###############.# #..#
.....'..........# #..#
..####.........g#####..#
..# ##.......#.@......#
#.# ##.....#########.#
#.# ##...## #.# #.#
##+## #.# #.##### #.#
#.# ......####.# #.#
#.##.......## ###### #.#
#.##..###...###....###.#
#............##.#......#


You could see Crazy Yiuf.

Levels and vault maps discovered:
D:1:      dpeg_arrival_tiny_j, layout_loops_ring
D:2:      layout_loops_corners, dancing_weapons_uskayaw, first_ration,
          uniq_crazy_yiuf_cottage

Notes
Turn   | Place    | Note
-------+----------+-------------------------------------------
     0 | D:1      | lepoulpe303 the Gargoyle Earth Elementalist began the quest
                  | for the Orb.
     0 | D:1      | Reached XP level 1. HP: 10/10 MP: 3/3
    24 | D:1      | Identified a +0 club
    42 | D:1      | Identified a +0 short sword
    43 | D:1      | Identified a +0 dagger
   287 | D:1      | Identified a +0 club
   291 | D:1      | Reached XP level 2. HP: 15/15 MP: 5/5
   298 | D:1      | Learned a level 2 spell: Passwall
   300 | D:1      | Identified a +0 club
   304 | D:1      | Identified a +0 club
   362 | D:1      | Identified a +0 club
   583 | D:1      | Identified a +0 club
   591 | D:1      | Reached skill level 4 in Earth Magic
   632 | D:1      | Identified a +0 club
   742 | D:1      | Identified a +0 dagger
   745 | D:1      | Identified a +0 club
   747 | D:1      | Identified a cursed -2 club
   748 | D:1      | Reached XP level 3. HP: 19/19 MP: 6/6
  1119 | D:1      | Identified a +0 mace (You found it on level 1 of the
                  | Dungeon)
  1589 | D:2      | Reached skill level 2 in Dodging
  1589 | D:2      | Reached XP level 4. HP: 24/24 MP: 4/8
  1594 | D:2      | Learned a level 3 spell: Stone Arrow
  2103 | D:2      | Found a hide-covered altar of Uskayaw.
  2107 | D:2      | Identified a +0 hand axe
  2107 | D:2      | Noticed a +0 hand axe
  2107 | D:2      | Identified a +0 dagger
  2107 | D:2      | Noticed a +0 dagger
  2109 | D:2      | Identified a +0 club
  2115 | D:2      | Reached skill level 3 in Spellcasting
  2189 | D:2      | Reached skill level 3 in Stealth
  2473 | D:2      | Identified a +0 leather armour (You found it on level 2 of
                  | the Dungeon)
  2676 | D:2      | Found a runed translucent door.
  2677 | D:2      | Identified a +4 quarterstaff of chaos
  2677 | D:2      | Identified a +0 cloak
  2677 | D:2      | Noticed Crazy Yiuf
  2683 | D:2      | Paralysed by Crazy Yiuf for 4 turns
  2684 | D:2      | HP: 6/24 [Crazy Yiuf/+4 quarterstaff of chaos (1)]
  2698 | D:2      | HP: 2/24 [Crazy Yiuf/+4 quarterstaff of chaos (5)]
  2701 | D:2      | Slain by Crazy Yiuf

Table legend:
 A = Turns spent in this place as a percentage of turns spent in the entire game.
 B = Non-inter-level travel turns spent in this place as a percentage of non-inter-level travel turns spent in the entire game.
 C = Inter-level travel turns spent in this place as a percentage of turns spent in this place.
 D = Turns resting spent in this place as a percentage of non-inter-level travel turns spent in this place.
 E = Turns spent auto-exploring this place as a percentage of non-inter-level travel turns spent in this place.
 F = Non-inter-level travel turns spent in this place divided by the number of levels of this place that you've seen.
                   A       B       C       D       E      F
               +-------+-------+-------+-------+-------+----------------------
         Total | 100.0 | 100.0 |   2.7 |  40.9 |  44.0 | 1314.5
       Dungeon | 100.0 | 100.0 |   2.7 |  40.9 |  44.0 | 1314.5
               +-------+-------+-------+-------+-------+----------------------

Table legend:
 A = Kills in this place as a percentage of kills in entire the game.
 B = Kills by you in this place as a percentage of kills by you in the entire game.
 C = Kills by friends in this place as a percentage of kills by friends in the entire game.
 D = Other kills in this place as a percentage of other kills in the entire game.
 E = Experience gained in this place as a percentage of experience gained in the entire game.
 F = Experience gained in this place divided by the number of levels of this place that you have seen.
                   A       B       C       D       E      F
               +-------+-------+-------+-------+-------+----------------------
         Total | 100.0 | 100.0 |   N/A |   N/A | 100.0 |  81.0
       Dungeon | 100.0 | 100.0 |   N/A |   N/A | 100.0 |  81.0
               +-------+-------+-------+-------+-------+----------------------

Skill      XL: |  1  2  3  4 |
---------------+-------------+-----
Earth Magic    | 4 |  4.8
Dodging        | 2 |  2.1
Spellcasting   | 3 |  3.0
Stealth        | 3 |  3.0
Armour         | |  0.1
Transmutations | |  0.7

Action                   |  1- 3 |  4- 6 || total
-------------------------+-------+-------++-------
Melee: Short sword       |    57 |       ||    57
       Unarmed           |     3 |       ||     3
       Mace              |    22 |    66 ||    88
 Cast: Sandblast         |     8 |     5 ||    13
       Stone Arrow       |       |     1 ||     1
 Stab: Sleeping          |     5 |     1 ||     6
  Eat: Chunk             |     2 |     3 ||     5
Armor: Robe              |    28 |    24 ||    52
       Leather armour    |       |     5 ||     5
Dodge: Dodged            |    51 |    54 ||   105

Vanquished Creatures
  5 adders (D:2)
  2 oozes (D:2)
  2 worms (D:2)
  2 leopard geckos
  4 giant cockroaches
  6 goblins
  13 hobgoblins
  2 jackals (D:2)
  6 bats
  A kobold (D:1)
  5 rats
48 creatures vanquished.
